[ AOE2 MATCH · #478709058 ]
UnrankedBurmese vs Burmese
[ REPLAY ANALYSIS · EXTRACTED FROM THE RECORDED GAME ]
Feudal
—
Castle
—
Imperial
—
| APM avg | 48.6 |
| APM peak | 102 |
| eAPM avg | 17.2 |
| Villagers / military | 133 / 34 |
Focus
⚔️ 15.0% · 🌾 85.0%
Arambai ×34
Feudal
—
Castle
—
Imperial
—
| APM avg | 38.5 |
| APM peak | 93 |
| eAPM avg | 11.9 |
| Villagers / military | 65 / 33 |
Focus
⚔️ 26.3% · 🌾 73.7%
Arambai ×32 · Monk ×1
Feudal
—
Castle
—
Imperial
—
| APM avg | 26.7 |
| APM peak | 74 |
| eAPM avg | 14.4 |
| Villagers / military | 67 / 34 |
Focus
⚔️ 35.8% · 🌾 64.2%
Cavalry Archer ×18 · Archer ×11 · Militia ×5
Feudal
—
Castle
—
Imperial
—
| APM avg | 39.7 |
| APM peak | 59 |
| eAPM avg | 22.6 |
| Villagers / military | 85 / 34 |
Focus
⚔️ 22.2% · 🌾 77.8%
Knight ×22 · Scout Cavalry ×6 · Archer ×4 · Monk ×2
Match map
Initial resources + every placement click. Lines = walls · curves = elevation contours. ◆ gold · ⬟ stone · ● berries · ✦ relic · ◌ wall gap
Your base· Open — unwalled flank
big Conigz's base· Open — unwalled flank
PrEyOnU1's base· Open — unwalled flank
DK Fëanor's base· Open — 14t gap
Smoothed initial terrain · ◌ = detected wall gap · hover for details
Inputs per minute
— Aza - - big Conigz
Build order — Aza
First 150 of 245 actions detected
| 0:22 | Build | Town Center |
| 0:45 | Build | House |
| 1:21 | Build | Mill |
| 2:38 | Create | Villager (Male) ×4 |
| 2:38 | Create | Villager (Male) ×4 |
| 3:55 | Create | Villager (Male) |
| 3:55 | Create | Villager (Male) |
| 3:56 | Create | Villager (Male) |
| 4:22 | Create | Villager (Male) |
| 4:22 | Create | Villager (Male) |
| 4:36 | Build | House |
| 5:11 | Create | Villager (Male) |
| 5:11 | Create | Villager (Male) |
| 6:16 | Create | Villager (Male) |
| 6:16 | Create | Villager (Male) |
| 6:34 | Create | Villager (Male) |
| 6:39 | Build | House |
| 7:07 | Create | Villager (Male) |
| 7:35 | Create | Villager (Male) |
| 7:47 | Create | Villager (Male) |
| 7:54 | Build | Mill |
| 8:18 | Create | Villager (Male) |
| 8:24 | Build | House |
| 8:28 | Build | Lumber Camp |
| 8:32 | Create | Villager (Male) |
| 8:47 | Create | Villager (Male) |
| 9:01 | Research | Loom |
| 9:35 | Research | Feudal Age |
| 9:40 | Create | Villager (Male) |
| 10:09 | Create | Villager (Male) |
| 10:10 | Research | Feudal Age |
| 10:16 | Build | Mining Camp |
| 10:39 | Build | House |
| 11:54 | Create | Villager (Male) |
| 11:55 | Create | Villager (Male) |
| 12:45 | Build | Market |
| 13:14 | Build | Blacksmith |
| 13:34 | Create | Villager (Male) |
| 14:00 | Research | Castle Age |
| 14:01 | Research | Castle Age |
| 14:07 | Build | Mining Camp |
| 14:46 | Build | Barracks |
| 14:55 | Build | House |
| 15:50 | Build | Stable |
| 16:12 | Create | Villager (Male) |
| 16:42 | Build | Castle |
| 16:46 | Create | Villager (Male) |
| 17:14 | Research | Horse Collar |
| 17:25 | Create | Villager (Male) |
| 17:51 | Create | Villager (Male) |
| 18:10 | Build | Town Center |
| 18:16 | Create | Arambai |
| 18:19 | Create | Villager (Male) |
| 18:25 | Build | Farm |
| 18:46 | Create | Villager (Male) |
| 18:56 | Create | Arambai |
| 19:07 | Create | Villager (Male) |
| 19:08 | Create | Villager (Male) |
| 19:14 | Create | Villager (Male) |
| 19:14 | Create | Villager (Male) |
| 19:33 | Create | Villager (Male) |
| 19:38 | Build | Farm |
| 19:38 | Build | Farm |
| 19:40 | Create | Arambai |
| 19:57 | Create | Villager (Male) |
| 20:15 | Create | Arambai |
| 20:16 | Create | Villager (Male) |
| 20:16 | Create | Villager (Male) |
| 20:44 | Create | Arambai |
| 20:44 | Create | Villager (Male) |
| 20:45 | Create | Villager (Male) |
| 21:25 | Create | Arambai |
| 21:26 | Create | Villager (Male) |
| 21:26 | Create | Villager (Male) |
| 21:38 | Build | Town Center |
| 21:48 | Create | Arambai |
| 21:49 | Create | Villager (Male) |
| 21:49 | Create | Villager (Male) |
| 21:59 | Research | Bloodlines |
| 22:25 | Create | Arambai |
| 22:26 | Create | Villager (Male) |
| 22:26 | Create | Villager (Male) |
| 22:38 | Create | Arambai |
| 22:43 | Create | Villager (Male) |
| 22:43 | Create | Villager (Male) |
| 22:43 | Create | Villager (Male) |
| 22:58 | Create | Villager (Male) |
| 23:10 | Create | Villager (Male) |
| 23:10 | Create | Villager (Male) |
| 23:12 | Build | Farm |
| 23:13 | Create | Arambai |
| 23:35 | Create | Villager (Male) |
| 23:35 | Create | Villager (Male) |
| 23:40 | Build | Farm |
| 23:40 | Build | Farm |
| 23:40 | Build | Farm |
| 23:41 | Build | Farm |
| 23:41 | Build | Farm |
| 23:41 | Build | Farm |
| 23:45 | Create | Arambai |
| 23:52 | Build | House |
| 23:52 | Build | House |
| 23:53 | Build | House |
| 24:08 | Create | Villager (Male) |
| 24:08 | Create | Villager (Male) |
| 24:08 | Create | Villager (Male) |
| 24:10 | Create | Arambai |
| 24:31 | Create | Villager (Male) |
| 24:32 | Create | Villager (Male) |
| 24:36 | Build | Farm |
| 24:45 | Build | Mill |
| 24:48 | Create | Villager (Male) |
| 24:49 | Create | Villager (Male) |
| 24:49 | Create | Villager (Male) |
| 24:52 | Build | Farm |
| 25:01 | Create | Villager (Male) |
| 25:02 | Create | Villager (Male) |
| 25:14 | Build | House |
| 25:15 | Build | House |
| 25:18 | Create | Villager (Male) |
| 25:18 | Create | Villager (Male) |
| 25:20 | Build | Farm |
| 25:27 | Research | Husbandry |
| 25:27 | Research | Husbandry |
| 25:33 | Create | Villager (Male) |
| 25:33 | Create | Villager (Male) |
| 25:38 | Create | Villager (Male) |
| 25:38 | Create | Villager (Male) |
| 25:38 | Create | Villager (Male) |
| 25:39 | Create | Arambai |
| 25:42 | Create | Arambai |
| 25:43 | Create | Arambai |
| 25:55 | Build | Farm |
| 26:03 | Build | House |
| 26:25 | Create | Villager (Male) |
| 26:26 | Create | Villager (Male) |
| 26:26 | Create | Villager (Male) |
| 26:26 | Create | Villager (Male) |
| 26:31 | Build | Town Center |
| 26:48 | Build | Farm |
| 26:49 | Build | Farm |
| 26:56 | Create | Villager (Male) |
| 26:57 | Create | Villager (Male) |
| 26:57 | Create | Villager (Male) |
| 27:08 | Build | Farm |
| 27:10 | Build | Castle |
| 27:18 | Create | Villager (Male) |
| 27:18 | Create | Villager (Male) |
| 27:19 | Create | Arambai |
| 27:23 | Create | Villager (Male) |
Build order — big Conigz
149 actions detected in the replay
| 0:31 | Build | House |
| 1:06 | Build | Town Center |
| 1:31 | Build | House |
| 1:46 | Build | Lumber Camp |
| 3:29 | Create | Villager (Male) |
| 3:30 | Create | Villager (Male) |
| 3:31 | Create | Villager (Male) |
| 3:54 | Create | Villager (Male) |
| 4:45 | Create | Villager (Male) |
| 5:21 | Create | Villager (Male) |
| 5:42 | Create | Villager (Male) |
| 6:15 | Build | House |
| 6:23 | Build | House |
| 6:35 | Create | Villager (Male) |
| 6:59 | Create | Villager (Male) |
| 7:24 | Create | Villager (Male) |
| 7:25 | Create | Villager (Male) |
| 7:32 | Build | Lumber Camp |
| 8:08 | Create | Villager (Male) |
| 8:15 | Build | House |
| 8:39 | Create | Villager (Male) |
| 8:46 | Build | House |
| 8:52 | Create | Villager (Male) |
| 9:22 | Create | Villager (Male) |
| 9:43 | Create | Villager (Male) |
| 10:05 | Create | Villager (Male) |
| 10:10 | Build | Mill |
| 10:24 | Build | House |
| 10:33 | Create | Villager (Male) |
| 10:57 | Create | Villager (Male) |
| 11:24 | Research | Loom |
| 11:26 | Research | Feudal Age |
| 11:45 | Create | Villager (Male) |
| 11:45 | Create | Villager (Male) |
| 14:18 | Build | Market |
| 14:23 | Build | Blacksmith |
| 14:37 | Build | Mining Camp |
| 15:08 | Research | Castle Age |
| 17:19 | Build | House |
| 17:50 | Build | Monastery |
| 17:51 | Create | Villager (Male) |
| 18:21 | Build | Castle |
| 18:23 | Create | Villager (Male) |
| 18:24 | Create | Villager (Male) |
| 18:31 | Build | House |
| 18:33 | Create | Monk |
| 18:44 | Research | Horse Collar |
| 18:58 | Create | Villager (Male) |
| 19:13 | Build | Farm |
| 19:24 | Create | Arambai |
| 19:25 | Create | Arambai |
| 19:25 | Create | Arambai |
| 19:43 | Build | Lumber Camp |
| 19:44 | Create | Villager (Male) |
| 20:10 | Create | Villager (Male) |
| 20:25 | Build | Mill |
| 20:31 | Create | Villager (Male) |
| 20:40 | Create | Villager (Male) |
| 20:51 | Create | Arambai |
| 20:52 | Create | Arambai |
| 20:57 | Create | Villager (Male) |
| 21:23 | Create | Arambai |
| 21:45 | Create | Villager (Male) |
| 21:48 | Create | Arambai |
| 21:48 | Create | Arambai |
| 21:48 | Create | Arambai |
| 22:24 | Create | Arambai |
| 22:27 | Create | Villager (Male) |
| 22:27 | Create | Villager (Male) |
| 22:33 | Build | Barracks |
| 22:47 | Create | Villager (Male) |
| 22:54 | Build | Farm |
| 23:00 | Create | Arambai |
| 23:00 | Create | Arambai |
| 23:13 | Create | Villager (Male) |
| 23:24 | Build | Farm |
| 23:24 | Create | Villager (Male) |
| 23:39 | Build | Stable |
| 23:40 | Research | Padded Archer Armor |
| 23:53 | Create | Arambai |
| 23:53 | Create | Arambai |
| 23:55 | Build | Farm |
| 23:57 | Create | Villager (Male) |
| 24:10 | Create | Villager (Male) |
| 24:13 | Build | Farm |
| 24:33 | Create | Arambai |
| 24:33 | Create | Arambai |
| 24:38 | Research | Bloodlines |
| 24:43 | Create | Villager (Male) |
| 24:54 | Create | Arambai |
| 24:55 | Create | Arambai |
| 24:59 | Build | Farm |
| 25:00 | Create | Villager (Male) |
| 25:07 | Research | Heavy Plow |
| 25:15 | Create | Arambai |
| 25:19 | Research | Husbandry |
| 25:32 | Create | Arambai |
| 25:32 | Create | Arambai |
| 25:41 | Create | Arambai |
| 25:41 | Create | Arambai |
| 25:58 | Create | Arambai |
| 26:08 | Build | House |
| 26:47 | Build | Town Center |
| 26:53 | Build | House |
| 26:53 | Build | House |
| 26:54 | Create | Villager (Male) |
| 26:55 | Create | Villager (Male) |
| 26:55 | Create | Villager (Male) |
| 27:05 | Create | Villager (Male) |
| 27:57 | Create | Villager (Male) |
| 27:57 | Create | Villager (Male) |
| 28:04 | Research | Town Watch |
| 28:07 | Create | Villager (Male) |
| 28:07 | Create | Villager (Male) |
| 28:35 | Build | Farm |
| 28:36 | Create | Villager (Male) |
| 28:36 | Create | Villager (Male) |
| 29:12 | Build | Town Center |
| 29:37 | Build | Farm |
| 29:38 | Create | Villager (Male) |
| 29:38 | Create | Villager (Male) |
| 29:43 | Build | Farm |
| 29:55 | Build | Farm |
| 30:02 | Create | Villager (Male) |
| 30:02 | Create | Villager (Male) |
| 30:07 | Build | Farm |
| 30:09 | Create | Villager (Male) |
| 30:09 | Create | Villager (Male) |
| 30:42 | Create | Villager (Male) |
| 30:42 | Create | Villager (Male) |
| 30:42 | Create | Villager (Male) |
| 31:01 | Build | Mining Camp |
| 31:26 | Research | Imperial Age |
| 31:37 | Create | Villager (Male) |
| 31:37 | Create | Villager (Male) |
| 31:37 | Create | Villager (Male) |
| 31:53 | Create | Arambai |
| 31:54 | Create | Arambai |
| 31:54 | Create | Arambai |
| 31:54 | Create | Arambai |
| 31:54 | Create | Arambai |
| 32:00 | Create | Villager (Male) |
| 32:00 | Create | Villager (Male) |
| 32:00 | Create | Villager (Male) |
| 32:07 | Build | Farm |
| 32:17 | Create | Arambai |
| 33:02 | Create | Arambai |
| 33:02 | Create | Arambai |
| 33:08 | Build | Archery Range |
Build order — PrEyOnU1
First 150 of 157 actions detected
| 0:13 | Build | Town Center |
| 1:51 | Build | House |
| 2:28 | Create | Villager (Male) |
| 2:28 | Create | Villager (Male) |
| 2:28 | Create | Villager (Male) |
| 2:28 | Create | Villager (Male) |
| 2:29 | Create | Villager (Male) |
| 3:52 | Create | Villager (Male) |
| 4:15 | Build | House |
| 4:25 | Build | Lumber Camp |
| 4:30 | Create | Villager (Male) |
| 4:31 | Create | Villager (Male) |
| 4:31 | Create | Villager (Male) |
| 5:15 | Create | Villager (Male) |
| 5:15 | Create | Villager (Male) |
| 5:55 | Build | House |
| 6:11 | Create | Villager (Male) |
| 6:12 | Create | Villager (Male) |
| 6:21 | Build | Mill |
| 6:41 | Build | House |
| 6:56 | Build | House |
| 7:04 | Create | Villager (Male) |
| 7:04 | Create | Villager (Male) |
| 7:12 | Build | House |
| 7:27 | Create | Villager (Male) |
| 7:27 | Create | Villager (Male) |
| 8:30 | Create | Villager (Male) |
| 8:39 | Build | House |
| 8:44 | Build | House |
| 9:06 | Research | Feudal Age |
| 9:28 | Build | Barracks |
| 9:49 | Build | House |
| 10:19 | Build | Mining Camp |
| 10:24 | Create | Militia |
| 10:24 | Create | Militia |
| 10:24 | Create | Militia |
| 10:54 | Create | Villager (Male) |
| 11:17 | Build | House |
| 11:26 | Research | Double-Bit Axe |
| 11:30 | Research | Man-at-Arms (upgrade) |
| 11:33 | Create | Villager (Male) |
| 11:33 | Create | Villager (Male) |
| 12:00 | Create | Villager (Male) |
| 12:03 | Create | Militia |
| 12:33 | Build | Watch Tower |
| 12:34 | Create | Villager (Male) |
| 12:37 | Create | Militia |
| 12:40 | Build | House |
| 12:42 | Build | House |
| 12:47 | Create | Villager (Male) |
| 13:03 | Create | Villager (Male) |
| 13:50 | Build | Watch Tower |
| 13:56 | Create | Villager (Male) |
| 13:57 | Create | Villager (Male) |
| 14:06 | Build | Palisade Wall |
| 14:15 | Create | Villager (Male) |
| 14:20 | Build | Blacksmith |
| 14:22 | Build | House |
| 14:34 | Create | Villager (Male) |
| 14:43 | Build | Lumber Camp |
| 15:04 | Research | Loom |
| 15:09 | Create | Villager (Male) |
| 15:13 | Create | Villager (Male) |
| 15:32 | Build | House |
| 15:35 | Build | Palisade Wall |
| 15:40 | Build | House |
| 16:22 | Build | House |
| 16:29 | Create | Villager (Male) |
| 16:30 | Create | Villager (Male) |
| 17:27 | Create | Villager (Male) |
| 17:28 | Create | Villager (Male) |
| 18:07 | Build | Archery Range |
| 18:09 | Create | Villager (Male) |
| 18:18 | Create | Villager (Male) |
| 18:29 | Create | Villager (Male) |
| 18:29 | Create | Villager (Male) |
| 18:40 | Create | Villager (Male) |
| 18:58 | Create | Archer |
| 18:59 | Create | Archer |
| 19:05 | Build | Farm |
| 19:06 | Research | Horse Collar |
| 19:30 | Build | Archery Range |
| 19:33 | Create | Villager (Male) |
| 19:34 | Create | Villager (Male) |
| 19:41 | Build | Farm |
| 19:43 | Build | Farm |
| 19:46 | Build | Farm |
| 19:48 | Build | Farm |
| 19:49 | Build | Farm |
| 20:04 | Create | Archer |
| 20:09 | Create | Archer |
| 20:09 | Create | Archer |
| 20:16 | Build | Farm |
| 20:30 | Create | Villager (Male) |
| 20:53 | Create | Archer |
| 20:54 | Create | Villager (Male) |
| 20:55 | Create | Villager (Male) |
| 21:13 | Create | Archer |
| 21:24 | Create | Villager (Male) |
| 21:48 | Build | Farm |
| 21:52 | Build | Farm |
| 21:53 | Create | Villager (Male) |
| 21:58 | Create | Archer |
| 21:58 | Create | Archer |
| 21:59 | Create | Villager (Male) |
| 22:17 | Create | Villager (Male) |
| 22:22 | Build | Palisade Wall |
| 22:47 | Create | Archer |
| 22:47 | Create | Archer |
| 22:49 | Create | Villager (Male) |
| 22:55 | Build | Farm |
| 22:55 | Build | Farm |
| 23:45 | Create | Villager (Male) |
| 24:18 | Build | Mining Camp |
| 24:23 | Research | Castle Age |
| 24:57 | Build | Market |
| 25:07 | Research | Fletching |
| 25:31 | Build | Archery Range |
| 26:07 | Build | Watch Tower |
| 26:55 | Create | Villager (Male) |
| 27:03 | Build | Mining Camp |
| 27:07 | Research | Bodkin Arrow |
| 27:09 | Create | Cavalry Archer |
| 27:09 | Create | Cavalry Archer |
| 27:09 | Create | Cavalry Archer |
| 27:13 | Create | Villager (Male) |
| 27:26 | Create | Villager (Male) |
| 27:40 | Create | Cavalry Archer |
| 27:41 | Create | Cavalry Archer |
| 27:41 | Create | Cavalry Archer |
| 27:43 | Create | Villager (Male) |
| 27:53 | Research | Bow Saw |
| 28:33 | Create | Cavalry Archer |
| 28:33 | Create | Cavalry Archer |
| 28:34 | Create | Villager (Male) |
| 28:34 | Create | Villager (Male) |
| 28:40 | Build | House |
| 29:10 | Create | Cavalry Archer |
| 29:10 | Create | Cavalry Archer |
| 29:11 | Create | Villager (Male) |
| 29:12 | Create | Villager (Male) |
| 29:34 | Create | Villager (Male) |
| 29:48 | Create | Cavalry Archer |
| 29:48 | Create | Cavalry Archer |
| 30:00 | Create | Cavalry Archer |
| 30:11 | Create | Villager (Male) |
| 30:12 | Create | Villager (Male) |
| 31:01 | Create | Villager (Male) |
| 31:02 | Create | Villager (Male) |
| 31:30 | Create | Cavalry Archer |
Build order — DK Fëanor
First 150 of 190 actions detected
| 0:06 | Build | Town Center |
| 2:16 | Create | Villager (Male) |
| 2:17 | Create | Villager (Male) |
| 2:17 | Create | Villager (Male) |
| 2:17 | Create | Villager (Male) |
| 2:18 | Create | Villager (Male) |
| 3:40 | Research | Loom |
| 3:59 | Create | Villager (Male) |
| 3:59 | Create | Villager (Male) |
| 4:07 | Create | Villager (Male) |
| 4:09 | Create | Villager (Male) |
| 4:09 | Create | Villager (Male) |
| 4:39 | Create | Villager (Male) |
| 4:39 | Create | Villager (Male) |
| 5:04 | Create | Villager (Male) |
| 5:04 | Create | Villager (Male) |
| 5:25 | Create | Villager (Male) |
| 5:37 | Create | Villager (Male) |
| 5:48 | Create | Villager (Male) |
| 5:56 | Create | Villager (Male) |
| 5:56 | Create | Villager (Male) |
| 6:04 | Build | Lumber Camp |
| 6:12 | Create | Villager (Male) |
| 6:48 | Create | Villager (Male) |
| 7:12 | Create | Villager (Male) |
| 7:40 | Create | Villager (Male) |
| 8:38 | Build | Mill |
| 9:04 | Research | Feudal Age |
| 9:04 | Research | Feudal Age |
| 10:06 | Build | Barracks |
| 11:16 | Build | Stable |
| 11:16 | Create | Villager (Male) |
| 11:19 | Create | Villager (Male) |
| 11:27 | Build | Palisade Wall |
| 11:32 | Build | Palisade Wall |
| 11:33 | Build | Palisade Wall |
| 11:37 | Create | Villager (Male) |
| 11:47 | Build | Palisade Wall |
| 11:49 | Build | Palisade Wall |
| 11:50 | Build | Palisade Wall |
| 11:52 | Create | Scout Cavalry |
| 12:02 | Build | Palisade Wall |
| 12:03 | Build | Palisade Wall |
| 12:07 | Create | Villager (Male) |
| 12:08 | Create | Scout Cavalry |
| 12:18 | Create | Villager (Male) |
| 12:31 | Create | Scout Cavalry |
| 12:34 | Build | Archery Range |
| 12:35 | Create | Villager (Male) |
| 12:46 | Create | Villager (Male) |
| 12:55 | Create | Villager (Male) |
| 13:14 | Build | Watch Tower |
| 13:20 | Create | Archer |
| 13:24 | Create | Scout Cavalry |
| 13:24 | Create | Scout Cavalry |
| 14:07 | Create | Villager (Male) |
| 14:14 | Create | Villager (Male) |
| 14:22 | Create | Villager (Male) |
| 14:31 | Create | Scout Cavalry |
| 15:03 | Create | Villager (Male) |
| 15:07 | Build | Mining Camp |
| 15:21 | Create | Villager (Male) |
| 16:49 | Create | Villager (Male) |
| 16:52 | Create | Villager (Male) |
| 17:01 | Build | Palisade Wall |
| 17:22 | Build | Palisade Gate |
| 17:23 | Build | Palisade Wall |
| 17:31 | Create | Archer |
| 17:40 | Create | Archer |
| 17:41 | Create | Villager (Male) |
| 17:42 | Create | Villager (Male) |
| 18:02 | Create | Archer |
| 18:13 | Create | Villager (Male) |
| 18:42 | Research | Double-Bit Axe |
| 18:53 | Build | Blacksmith |
| 18:55 | Build | Market |
| 19:10 | Create | Villager (Male) |
| 19:36 | Create | Villager (Male) |
| 19:43 | Build | Farm |
| 19:44 | Create | Villager (Male) |
| 20:01 | Create | Villager (Male) |
| 20:11 | Build | Farm |
| 20:12 | Create | Villager (Male) |
| 20:42 | Build | Farm |
| 20:57 | Build | Farm |
| 21:20 | Research | Castle Age |
| 21:20 | Research | Castle Age |
| 21:33 | Build | Farm |
| 21:48 | Research | Gold Mining |
| 21:51 | Build | Farm |
| 21:53 | Build | Farm |
| 21:54 | Build | Farm |
| 21:58 | Build | Farm |
| 22:02 | Build | Farm |
| 22:07 | Build | Mill |
| 22:27 | Build | Palisade Wall |
| 23:00 | Research | Forging |
| 23:18 | Build | Palisade Wall |
| 23:19 | Build | Palisade Wall |
| 23:20 | Build | Palisade Wall |
| 23:35 | Build | Mill |
| 23:55 | Build | Palisade Wall |
| 24:03 | Create | Knight |
| 24:06 | Build | Stable |
| 24:19 | Build | Town Center |
| 24:26 | Create | Knight |
| 24:48 | Create | Villager (Male) |
| 25:02 | Create | Villager (Male) |
| 25:12 | Create | Knight |
| 25:12 | Create | Knight |
| 25:19 | Create | Villager (Male) |
| 25:26 | Create | Knight |
| 25:40 | Create | Villager (Male) |
| 25:44 | Build | Farm |
| 25:45 | Create | Villager (Male) |
| 25:57 | Create | Knight |
| 25:57 | Create | Knight |
| 26:21 | Create | Villager (Male) |
| 26:24 | Create | Knight |
| 26:25 | Create | Knight |
| 26:30 | Create | Villager (Male) |
| 26:31 | Create | Villager (Male) |
| 26:33 | Build | Farm |
| 26:34 | Build | Farm |
| 26:50 | Create | Villager (Male) |
| 27:07 | Create | Knight |
| 27:14 | Create | Villager (Male) |
| 27:25 | Build | Town Center |
| 27:26 | Create | Villager (Male) |
| 27:38 | Create | Villager (Male) |
| 27:55 | Create | Villager (Male) |
| 28:30 | Create | Villager (Male) |
| 28:31 | Create | Villager (Male) |
| 28:32 | Create | Knight |
| 28:32 | Create | Knight |
| 28:40 | Create | Villager (Male) |
| 28:48 | Build | Monastery |
| 28:55 | Research | Scale Barding Armor |
| 29:00 | Create | Villager (Male) |
| 29:03 | Create | Villager (Male) |
| 29:04 | Create | Villager (Male) |
| 29:18 | Create | Villager (Male) |
| 29:31 | Create | Villager (Male) |
| 29:39 | Create | Villager (Male) |
| 29:42 | Create | Monk |
| 29:47 | Build | Palisade Wall |
| 29:48 | Create | Villager (Male) |
| 29:58 | Create | Villager (Male) |
| 30:18 | Create | Knight |
| 30:19 | Create | Knight |
Match timeline
| 9:28 | PrEyOnU1 · first_building Barracks |
| 10:06 | DK Fëanor · first_building Barracks |
| 11:16 | DK Fëanor · first_building Stable |
| 11:27 | DK Fëanor · wall_segment Palisade Wall x9 |
| 11:32 | DK Fëanor · wall_segment Palisade Wall x1 |
| 11:33 | DK Fëanor · wall_segment Palisade Wall x1 |
| 11:47 | DK Fëanor · wall_segment Palisade Wall x1 |
| 11:49 | DK Fëanor · wall_segment Palisade Wall x1 |
| 11:50 | DK Fëanor · wall_segment Palisade Wall x1 |
| 12:02 | DK Fëanor · wall_segment Palisade Wall x1 |
| 12:03 | DK Fëanor · wall_segment Palisade Wall x1 |
| 12:34 | DK Fëanor · first_building Archery Range |
| 14:06 | PrEyOnU1 · wall_segment Palisade Wall x5 |
| 14:46 | Aza · first_building Barracks |
| 15:35 | Aza · first_market_sell 100 food |
| 15:35 | PrEyOnU1 · wall_segment Palisade Wall x4 |
| 15:36 | Aza · first_market_buy 100 stone |
| 15:50 | Aza · first_building Stable |
| 16:42 | Aza · first_building Castle |
| 17:01 | DK Fëanor · wall_segment Palisade Wall x1 |
| 17:23 | DK Fëanor · wall_segment Palisade Wall x1 |
| 17:50 | big Conigz · first_building Monastery |
| 18:07 | PrEyOnU1 · first_building Archery Range |
| 18:21 | big Conigz · first_building Castle |
| 19:17 | big Conigz · first_market_buy 100 food |
| 20:46 | DK Fëanor · first_market_buy 100 food |
| 20:46 | DK Fëanor · first_market_sell 100 wood |
| 22:22 | PrEyOnU1 · wall_segment Palisade Wall x2 |
| 22:27 | DK Fëanor · wall_segment Palisade Wall x1 |
| 22:33 | big Conigz · first_building Barracks |
| 23:18 | DK Fëanor · wall_segment Palisade Wall x1 |
| 23:19 | DK Fëanor · wall_segment Palisade Wall x1 |
| 23:20 | DK Fëanor · wall_segment Palisade Wall x1 |
| 23:39 | big Conigz · first_building Stable |
| 23:55 | DK Fëanor · wall_segment Palisade Wall x1 |
| 27:38 | PrEyOnU1 · first_market_sell 100 wood |
| 28:48 | DK Fëanor · first_building Monastery |
| 29:47 | DK Fëanor · wall_segment Palisade Wall x15 |
| 30:29 | big Conigz · first_market_sell 100 stone |
| 31:56 | DK Fëanor · wall_segment Palisade Wall x1 |
| 31:57 | DK Fëanor · wall_segment Palisade Wall x1 |
| 31:59 | DK Fëanor · wall_segment Palisade Wall x1 |
| 32:20 | DK Fëanor · wall_segment Palisade Wall x1 |
| 33:08 | big Conigz · first_building Archery Range |
| 33:17 | PrEyOnU1 · resign |
[ AI ANALYSIS · 1 CREDIT ]
What really happened in this match?
Wolo.gg analyzes every decision: build order, eco, micro, common mistakes by bracket. Personalized analysis on WhatsApp or Discord in 30 seconds.
Civ guide
Burmese
Perfil
Aza